AoeStats
← julianlgp

Arena

509918393Analyzed
3v3 RM · 5d ago on Sep 28, 2026· 17m 32s· 6 players
Game mode
Random Map
Map size
Normal (6 player)
Population
200
Speed
Normal
Resources
Standard
Victory
Conquest
Starting age
Dark Age
Ending age
Imperial Age
RankedLock teamsTeams togetherTeam positionsShared explorationLock speedFull tech treeHidden civsTurbo modeCheats
Victory
Defeat
🇸🇪 Varangians · Sweden
1317
+9
🇪🇸 Portuguese · Spain
1313
+9
🇹🇷 Turks · Türkiye
1287
+10
🇨🇴 Danes · Colombia
1206
-12
🇨🇴 Bulgarians · Colombia
1112
-8
🇨🇴 Cumans · Colombia
1104
-8
clarence claymore
5:30 Loom
10:44 Feudal Age
11:10 Man-at-Arms
12:48 Double-Bit Axe
12:53 Horse Collar
16:13 Loom
Yam
10:03 Feudal Age
10:34 Loom
14:30 Castle Age
12:23 Gold Mining
12:36 Double-Bit Axe
14:01 Horse Collar
Mowi1376
10:31 Feudal Age
9:30 Loom
14:48 Castle Age
14:48 Forging
Ctrl Gio
10:13 Feudal Age
11:30 Double-Bit Axe
12:01 Loom
13:44 Forging
15:31 Scale Mail Armor
julianlgp
5:31 Loom
10:39 Feudal Age
14:38 Castle Age
12:37 Double-Bit Axe
13:11 Horse Collar
AndGio1
9:01 Feudal Age
8:11 Loom
15:22 Double-Bit Axe
Connection lost

Rejoining the realm…

Still unreachable

The connection could not be restored.

Session expired

The server has moved on; the page needs a fresh start.